 Dungeon Crawl Stone Soup version 0.14-a0-226-gcf818b1 (webtiles) character file.

141 Deemzul the Insei (level 4, -9/34 HPs)
             Began as a Demonspawn Monk on Oct 10, 2013.
             Mangled by Crazy Yiuf
             ... wielding a +4,+4 quarterstaff of chaos
              (21 damage)
             ... on Level 2 of the Dungeon.
             The game lasted 00:02:30 (1244 turns).

Deemzul the Insei (Demonspawn Monk)                 Turns: 1244, Time: 00:02:31

HP  -9/34        AC 10     Str 11      XL: 4   Next: 14%
MP   3/3         EV  4     Int 12      God:
Gold 64          SH  0     Dex 16      Spells:  0 memorised,  3 levels left

Res.Fire  : . . .   See Invis. : .     - Unarmed
Res.Cold  : . . .   Warding    : .   h - +1 chain mail
Life Prot.: . . .   Conserve   : .   (no shield)
Res.Poison: .       Res.Corr.  : .   (no helmet)
Res.Elec. : .       Clarity    : .   (no cloak)
Sust.Abil.: . .     Spirit.Shd : .   k - +0 pair of dwarf gloves
Res.Mut.  : .       Stasis     : .   (no boots)
Res.Rott. : .       Flight     : .   (no amulet)
Saprovore : . . .                    (no ring)
                                     (no ring)

@: slightly resistant to hostile enchantments, extremely unstealthy
A: talons 2
a: no special abilities


You were on level 2 of the Dungeon.
You were very hungry.

You visited 1 branch of the dungeon, and saw 2 of its levels.

You collected 64 gold pieces.

Inventory:

Armour
 e - a +0 ring mail
 h - a +1 chain mail (worn)
 k - a +0 pair of dwarven gloves (worn)
Comestibles
 b - 2 bread rations
 c - an apricot
 l - a meat ration
Scrolls
 a - 2 scrolls of remove curse {unknown}
 f - a scroll of curse weapon {unknown}
 i - a scroll of noise {unknown}
 j - a scroll of curse jewellery {unknown}
 n - a scroll of enchant weapon I {unknown}
Potions
 m - a potion of speed {unknown}


   Skills:
 - Level 3.0 Fighting
 + Level 2.1 Armour
 - Level 2.6 Dodging
 - Level 1.7 Stealth
 + Level 4.5 Unarmed Combat


You had 3 spell levels left.
You didn't know any spells.

Dungeon Overview and Level Annotations

Branches:
Dungeon (2/27)

Altars:
Vehumet

Annotations:
D:2 Crazy Yiuf


Innate Abilities, Weirdness & Mutations

You have razor-sharp toenails.


Message History

You closely miss Crazy Yiuf.
Crazy Yiuf hits you with a quarterstaff of chaos.
You are electrocuted!
Crazy Yiuf hits you with a quarterstaff of chaos!
* * * LOW HITPOINT WARNING * * *
You feel your power leaking away.
You hit Crazy Yiuf.
Crazy Yiuf is lightly wounded.
Crazy Yiuf whimpers, "Cod King sanguine!"
Things that are here:
a short sword; a kobold corpse Crazy Yiuf whimpers, "Line!
Lugonu water Hive."
Crazy Yiuf says, "Hack tea snail!"
You see here a rat skeleton.
Crazy Yiuf cries, "Flower!
Powder leg hand."
Crazy Yiuf cries, "Seed!"
There is an escape hatch in the ceiling here.
Crazy Yiuf hits you but does no damage.
You are electrocuted!
Ouch! That really hurt!
You die...

# # ### ## #.. #. ###############
#.# #. #.......<.....# #.# #.
#.###########.# #.#.### #%# #.#
#.#....
######.###########.########.#####
................@g...............
#######......#####.......##.#####
#......# #######.##.# #)######
#.##.# #.# #%##.##### #.#
####.#.... #.# #♣♣♣♣♣♣ ##.....#
#.# ##♣♣♣♣♣♣♣♣ #..#.#.#
#.###...♣.♣♣♣# #..#)#.#


You could see Crazy Yiuf.

Vanquished Creatures
  Jessica (D:2)
  3 adders (D:2)
  A giant gecko (D:1)
  7 bats
  A giant cockroach (D:1)
  4 hobgoblins
  2 kobolds (D:2)
  A giant newt (D:1)
  3 goblins (D:2)
  6 jackals (D:1)
  5 rats (D:2)
34 creatures vanquished.

Notes
Turn   | Place    | Note
--------------------------------------------------------------
     0 | D:1      | Deemzul, the Demonspawn Monk, began the quest for the Orb.
     0 | D:1      | Reached XP level 1. HP: 16/16 MP: 0/0
   227 | D:1      | Reached skill level 4 in Unarmed Combat
   372 | D:1      | Gained mutation: You have sharp toenails. [demonic ancestry]
   372 | D:1      | Reached XP level 2. HP: 20/22 MP: 1/1
   521 | D:1      | Reached skill level 1 in Armour
   833 | D:2      | Reached XP level 3. HP: 19/28 MP: 2/2
   965 | D:2      | Found a radiant altar of Vehumet.
  1021 | D:2      | Noticed Jessica
  1033 | D:2      | Killed Jessica
  1111 | D:2      | Gained mutation: You have razor-sharp toenails. [demonic ancestry]
  1111 | D:2      | Reached XP level 4. HP: 32/34 MP: 3/3
  1201 | D:2      | Noticed Crazy Yiuf
  1244 | D:2      | Mangled by Crazy Yiuf

Action                   |  1- 3 |  4- 6 || total
-------------------------+-------+-------++-------
Melee: Unarmed           |   133 |     6 ||   139
  Use: Potion            |       |     2 ||     2
